| TOP OF THE 1ST |
|
Toledo Mud Hens batting - Pitching for Tacoma Rainiers : RHP Dwain Ashford
|
|
Pitching: RHP Dwain Ashford
|
|
|
Batting: SHB Adam Weber
|
0-0: Ball 1-0: Ground out 5-3 (Groundball, 56, EV 88.8 MPH)
|
|
Batting: RHB J.J. Basil
|
0-0: Called Strike 0-1: Foul Ball, location: 2F 0-2: Foul Ball, location: 2F 0-2: Ball 1-2: Foul Ball, location: 2F 1-2: Ball 2-2: Strikes out swinging
|
|
Batting: LHB Conrad Taylor
|
0-0: Called Strike 0-1: Foul Ball, location: 2F 0-2: Strikes out looking
|
| Top of the 1st over - 0 runs, 0 hits, 0 errors, 0 left on base; Toledo 0 - Tacoma 0 |
| BOTTOM OF THE 1ST |
|
Tacoma Rainiers batting - Pitching for Toledo Mud Hens : RHP Roberto Benavides
|
|
Pitching: RHP Roberto Benavides
|
|
|
Batting: LHB Caleb Domino
|
0-0: Called Strike 0-1: Foul Ball, location: 2F 0-2: SINGLE (Groundball, 56D, EV 105.6 MPH) (infield hit)
|
|
Batting: RHB Tony Vargas
|
0-0: Ball Caleb Domino is caught stealing 2nd base 2-4 1-0: Ball 2-0: Ball 3-0: Base on Balls
|
|
Batting: RHB Harutomi Matsubara
|
0-0: Foul Ball, location: 2F 0-1: Foul Ball, location: 2F 0-2: Fly out, F8 (Flyball, 8RXD, EV 98.1 MPH)
|
|
Batting: LHB Ryan Lowe
|
0-0: Ball 1-0: Ball 2-0: Ball 3-0: Called Strike 3-1: Foul Ball, location: 2F 3-2: Base on Balls Tony Vargas to second
|
|
Batting: LHB Tom Reynolds
|
0-0: Ball Wild Pitch! Tony Vargas to third Ryan Lowe to second 1-0: Called Strike 1-1: Foul Ball, location: 2F 1-2: Strikes out swinging
|
| Bottom of the 1st over - 0 runs, 1 hit, 0 errors, 2 left on base; Toledo 0 - Tacoma 0 |
| TOP OF THE 2ND |
|
Toledo Mud Hens batting - Pitching for Tacoma Rainiers : RHP Dwain Ashford
|
|
Batting: LHB Tyler Davis
|
0-0: Called Strike 0-1: Ball 1-1: Called Strike 1-2: Ball 2-2: Foul Ball, location: 2F 2-2: Strikes out swinging
|
|
Batting: SHB Andy Vivas
|
0-0: Ball 1-0: Called Strike 1-1: Ball 2-1: Foul Ball, location: 2F 2-2: SINGLE (Line Drive, 9S, EV 102.5 MPH)
|
|
Batting: LHB Frank McConnell
|
0-0: Ball 1-0: Foul Ball, location: 2F 1-1: Fly out, F8 (Flyball, 8RD, EV 100.0 MPH)
|
|
Batting: SHB Ross Holland
|
0-0: Ball 1-0: Ball 2-0: Called Strike 2-1: Foul Ball, location: 2F 2-2: Foul Ball, location: 2F 2-2: Fielders Choice at 2nd, 5-4 (Groundball, 5, EV 99.4 MPH)
|
| Top of the 2nd over - 0 runs, 1 hit, 0 errors, 1 left on base; Toledo 0 - Tacoma 0 |
| BOTTOM OF THE 2ND |
|
Tacoma Rainiers batting - Pitching for Toledo Mud Hens : RHP Roberto Benavides
|
|
Batting: RHB Brad Robidas
|
0-0: Called Strike 0-1: Ball 1-1: Ball 2-1: Ground out 5-3 (Groundball, 56S, EV 65.0 MPH)
|
|
Batting: RHB Rick Ellis
|
0-0: Ball 1-0: Swinging Strike 1-1: Foul Ball, location: 2F 1-2: Strikes out swinging
|
|
Batting: RHB Sean Peake
|
0-0: Ball 1-0: Foul Ball, location: 2F 1-1: SOLO HOME RUN (Flyball, 7D, EV 96.9 MPH), Distance : 368 ft
|
|
Batting: RHB Micah Roth
|
0-0: Called Strike 0-1: SINGLE (Line Drive, 56D, EV 95.6 MPH)
|
|
Batting: LHB Caleb Domino
|
0-0: Ball Micah Roth steals 2nd base 1-0: Ball 2-0: Ball 3-0: Called Strike 3-1: Base on Balls
|
|
Batting: RHB Tony Vargas
|
0-0: Ball Wild Pitch! Micah Roth to third Caleb Domino to second 1-0: Ground out 5-3 (Groundball, 56, EV 87.5 MPH)
|
| Bottom of the 2nd over - 1 run, 2 hits, 0 errors, 2 left on base; Toledo 0 - Tacoma 1 |
| TOP OF THE 3RD |
|
Toledo Mud Hens batting - Pitching for Tacoma Rainiers : RHP Dwain Ashford
|
|
Batting: RHB Dan Becvar
|
0-0: Ball 1-0: Foul Ball, location: 2F 1-1: Ball 2-1: Ball 3-1: Foul Ball, location: 2F 3-2: Strikes out looking
|
|
Batting: RHB Keith Hoffman
|
0-0: Called Strike 0-1: Ball 1-1: SINGLE (Groundball, 4MD, EV 100.0 MPH)
|
|
Batting: SHB Adam Weber
|
0-0: Called Strike 0-1: Ball 1-1: SINGLE (Groundball, 34, EV 97.5 MPH) Keith Hoffman to second
|
|
Batting: RHB J.J. Basil
|
0-0: Ball 1-0: Ball 2-0: Called Strike 2-1: Called Strike 2-2: Ball 3-2: Base on Balls Keith Hoffman to third Adam Weber to second
|
|
Batting: LHB Conrad Taylor
|
0-0: Foul Ball, location: 2F 0-1: Ball 1-1: Ball 2-1: Swinging Strike 2-2: Ball 3-2: Base on Balls Keith Hoffman scores Adam Weber to third J.J. Basil to second
|
|
Batting: LHB Tyler Davis
|
0-0: Called Strike 0-1: Foul Ball, location: 2F 0-2: Foul Ball, location: 2F 0-2: Strikes out swinging
|
|
Batting: SHB Andy Vivas
|
0-0: Foul Ball, location: 2F 0-1: Swinging Strike 0-2: Ball 1-2: Ball 2-2: Foul Ball, location: 2F 2-2: Strikes out swinging
|
| Top of the 3rd over - 1 run, 2 hits, 0 errors, 3 left on base; Toledo 1 - Tacoma 1 |
| BOTTOM OF THE 3RD |
|
Tacoma Rainiers batting - Pitching for Toledo Mud Hens : RHP Roberto Benavides
|
|
Batting: RHB Harutomi Matsubara
|
0-0: Ball 1-0: Foul Ball, location: 2F 1-1: SINGLE (Groundball, 6MD, EV 103.8 MPH)
|
|
Batting: LHB Ryan Lowe
|
0-0: Ball 1-0: Ball 2-0: Ball 3-0: Base on Balls Harutomi Matsubara to second
|
|
Batting: LHB Tom Reynolds
|
0-0: Ball 1-0: Foul Ball, location: 2F 1-1: Ball 2-1: Fly out, F8 (Flyball, 8RD, EV 90.0 MPH)
|
|
Batting: RHB Brad Robidas
|
0-0: Called Strike 0-1: Ball 1-1: Fly out, F4 (Popup, 34S, EV 84.4 MPH)
|
|
Batting: RHB Rick Ellis
|
0-0: Ball 1-0: Called Strike 1-1: Called Strike 1-2: Fly out, F4 (Popup, 34D, EV 54.4 MPH)
|
| Bottom of the 3rd over - 0 runs, 1 hit, 0 errors, 2 left on base; Toledo 1 - Tacoma 1 |
| TOP OF THE 4TH |
|
Toledo Mud Hens batting - Pitching for Tacoma Rainiers : RHP Dwain Ashford
|
|
Batting: LHB Frank McConnell
|
0-0: Called Strike 0-1: Called Strike 0-2: Foul Ball, location: 2F 0-2: DOUBLE (Line Drive, 7LS, EV 104.4 MPH)
|
|
Batting: SHB Ross Holland
|
0-0: Ball 1-0: Foul Ball, location: 2F 1-1: Ball 2-1: Ground out U3 (Groundball, 3, EV 90.0 MPH) Frank McConnell to third
|
|
Batting: RHB Dan Becvar
|
0-0: Called Strike 0-1: Called Strike 0-2: Ball 1-2: Foul Ball, location: 2F 1-2: Foul Ball, location: 2F 1-2: Strikes out swinging
|
|
Batting: RHB Keith Hoffman
|
0-0: Fly out, F8 (Flyball, 8LM, EV 91.2 MPH)
|
| Top of the 4th over - 0 runs, 1 hit, 0 errors, 1 left on base; Toledo 1 - Tacoma 1 |
| BOTTOM OF THE 4TH |
|
Tacoma Rainiers batting - Pitching for Toledo Mud Hens : RHP Roberto Benavides
|
|
Batting: RHB Sean Peake
|
0-0: Ball 1-0: Ball 2-0: Foul Ball, location: 2F 2-1: Ball 3-1: Base on Balls
|
|
Batting: RHB Micah Roth
|
0-0: Foul Ball, location: 2F 0-1: Ball 1-1: Swinging Strike 1-2: Ball 2-2: Ball 3-2: SINGLE (Line Drive, 6M, EV 96.9 MPH) Sean Peake to second Runner from 2nd tries for 3rd, OUT! 8-5
|
|
Batting: LHB Caleb Domino
|
0-0: Swinging Strike 0-1: Swinging Strike 0-2: Strikes out swinging
|
|
Batting: RHB Tony Vargas
|
0-0: Called Strike 0-1: Foul Ball, location: 2F 0-2: SINGLE (Line Drive, 9S, EV 94.4 MPH) Micah Roth to second Runner from 2nd tries for 3rd, SAFE, throw by RF made to third
|
|
Batting: RHB Harutomi Matsubara
|
0-0: Ball 1-0: Called Strike 1-1: Foul Ball, location: 2F 1-2: Foul Ball, location: 2F 1-2: Ball Tony Vargas steals 2nd base 2-2: Foul Ball, location: 2F 2-2: Strikes out swinging
|
| Bottom of the 4th over - 0 runs, 2 hits, 0 errors, 2 left on base; Toledo 1 - Tacoma 1 |
| TOP OF THE 5TH |
|
Toledo Mud Hens batting - Pitching for Tacoma Rainiers : RHP Dwain Ashford
|
|
Batting: SHB Adam Weber
|
0-0: Called Strike 0-1: Ball 1-1: Foul Ball, location: 2F 1-2: Strikes out swinging
|
|
Batting: RHB J.J. Basil
|
0-0: Foul Ball, location: 2F 0-1: Foul Ball, location: 2F 0-2: Ball 1-2: Ball 2-2: Strikes out swinging
|
|
Batting: LHB Conrad Taylor
|
0-0: Foul Ball, location: 2F 0-1: Ball 1-1: Ball 2-1: Foul Ball, location: 2F 2-2: Ground out 4-3 (Groundball, 4, EV 86.9 MPH)
|
| Top of the 5th over - 0 runs, 0 hits, 0 errors, 0 left on base; Toledo 1 - Tacoma 1 |
| BOTTOM OF THE 5TH |
|
Tacoma Rainiers batting - Pitching for Toledo Mud Hens : RHP Roberto Benavides
|
|
Batting: LHB Ryan Lowe
|
0-0: Ball 1-0: Foul Ball, location: 2F 1-1: Ball 2-1: SINGLE (Line Drive, 6M, EV 95.0 MPH)
|
|
Batting: LHB Tom Reynolds
|
0-0: Ball 1-0: Called Strike 1-1: Foul Ball, location: 2F 1-2: Foul Ball, location: 2F 1-2: Fielders Choice at 2nd, 4-6 (Groundball, 4M, EV 86.9 MPH)
|
|
Batting: RHB Brad Robidas
|
0-0: Ball 1-0: Foul Ball, location: 2F 1-1: Foul Ball, location: 2F 1-2: SINGLE (Line Drive, 8RS, EV 104.4 MPH) Tom Reynolds to second
|
|
Batting: RHB Rick Ellis
|
0-0: Foul Ball, location: 2F 0-1: SINGLE (Line Drive, 6D, EV 99.4 MPH) Tom Reynolds to third Brad Robidas to second
|
|
Batting: RHB Sean Peake
|
0-0: SINGLE (Groundball, 56, EV 93.8 MPH) Tom Reynolds scores Brad Robidas to third Rick Ellis to second
|
|
Batting: RHB Micah Roth
|
0-0: Fly out, F9 (Flyball, 89S, EV 92.5 MPH)
|
|
Batting: LHB Caleb Domino
|
0-0: Ball 1-0: Ball 2-0: Ball 3-0: Foul Ball, location: 2F 3-1: Foul Ball, location: 2F 3-2: Fly out, F9 (Flyball, 9LSF, EV 86.2 MPH)
|
| Bottom of the 5th over - 1 run, 4 hits, 0 errors, 3 left on base; Toledo 1 - Tacoma 2 |
| TOP OF THE 6TH |
|
Toledo Mud Hens batting - Pitching for Tacoma Rainiers : RHP Dwain Ashford
|
|
Pitching: RHP Victor Cervantes
|
|
|
Batting: LHB Tyler Davis
|
0-0: Ball 1-0: Fly out, F8 (Flyball, 8RXD, EV 102.5 MPH)
|
|
Batting: SHB Andy Vivas
|
0-0: Ball 1-0: Called Strike 1-1: Swinging Strike 1-2: Foul Ball, location: 2F 1-2: Fly out, F7 (Flyball, 7D, EV 95.0 MPH)
|
|
Batting: LHB Frank McConnell
|
0-0: Called Strike 0-1: Ball 1-1: Swinging Strike 1-2: Strikes out swinging
|
| Top of the 6th over - 0 runs, 0 hits, 0 errors, 0 left on base; Toledo 1 - Tacoma 2 |
| BOTTOM OF THE 6TH |
|
Tacoma Rainiers batting - Pitching for Toledo Mud Hens : RHP Roberto Benavides
|
|
Pitching: RHP Gordie Pierson
|
|
|
Batting: RHB Tony Vargas
|
0-0: Called Strike 0-1: Ball 1-1: Ball 2-1: Ground out 6-3 (Groundball, 6M, EV 104.4 MPH)
|
|
Batting: RHB Harutomi Matsubara
|
0-0: Ball 1-0: Foul Ball, location: 2F 1-1: Ball 2-1: Called Strike 2-2: Strikes out looking
|
|
Batting: LHB Ryan Lowe
|
0-0: Ball 1-0: Called Strike 1-1: Swinging Strike 1-2: Strikes out swinging
|
| Bottom of the 6th over - 0 runs, 0 hits, 0 errors, 0 left on base; Toledo 1 - Tacoma 2 |
| TOP OF THE 7TH |
|
Toledo Mud Hens batting - Pitching for Tacoma Rainiers : RHP Victor Cervantes
|
|
Pitching: RHP Aidan Martin
|
|
|
Now at 1B: Sean Peake
|
|
|
Now in LF: David Aguilar
|
|
|
Batting: SHB Ross Holland
|
0-0: Foul Ball, location: 2F 0-1: Fly out, F8 (Flyball, 78S, EV 76.9 MPH)
|
|
Batting: RHB Dan Becvar
|
0-0: Ball 1-0: Swinging Strike 1-1: Ball 2-1: Foul Ball, location: 2F 2-2: Foul Ball, location: 2F 2-2: Foul Ball, location: 2F 2-2: Ground out 3-1 (Groundball, 34S, EV 91.9 MPH)
|
|
Batting: RHB Keith Hoffman
|
0-0: Ball 1-0: Ball 2-0: Ball 3-0: Base on Balls
|
|
Batting: SHB Adam Weber
|
0-0: Ball 1-0: Foul Ball, location: 2F 1-1: Fly out, F6 (Line Drive, 6, EV 63.8 MPH)
|
| Top of the 7th over - 0 runs, 0 hits, 0 errors, 1 left on base; Toledo 1 - Tacoma 2 |
| BOTTOM OF THE 7TH |
|
Tacoma Rainiers batting - Pitching for Toledo Mud Hens : RHP Gordie Pierson
|
|
Batting: LHB Tom Reynolds
|
0-0: Ball 1-0: Ball 2-0: Ball 3-0: Base on Balls
|
|
Batting: RHB Brad Robidas
|
0-0: Bunt missed! 0-1: Sac Bunt to 23 - play at first, batter OUT! 3-4 Tom Reynolds to second
|
|
Batting: RHB Rick Ellis
|
0-0: Called Strike 0-1: Swinging Strike 0-2: Ball 1-2: Strikes out swinging
|
|
Batting: RHB Sean Peake
|
0-0: Called Strike 0-1: Called Strike 0-2: Ball 1-2: Strikes out swinging
|
| Bottom of the 7th over - 0 runs, 0 hits, 0 errors, 1 left on base; Toledo 1 - Tacoma 2 |
| TOP OF THE 8TH |
|
Toledo Mud Hens batting - Pitching for Tacoma Rainiers : RHP Aidan Martin
|
|
Batting: RHB J.J. Basil
|
0-0: Ball 1-0: Foul Ball, location: 2F 1-1: Swinging Strike 1-2: Strikes out looking
|
|
Batting: LHB Conrad Taylor
|
0-0: Ball 1-0: Ball 2-0: Ball 3-0: Called Strike 3-1: Called Strike 3-2: Strikes out swinging
|
|
Batting: LHB Tyler Davis
|
0-0: Foul Ball, location: 2F 0-1: Ball 1-1: Ball 2-1: Ball 3-1: Foul Ball, location: 2F 3-2: Base on Balls
|
|
Batting: SHB Andy Vivas
|
0-0: DOUBLE (Line Drive, 5D, EV 101.2 MPH) Tyler Davis to third Runner from 3rd tries for Home, SAFE, throw by LF to home
|
|
Batting: LHB Frank McConnell
|
0-0: Ball 1-0: Swinging Strike 1-1: TRIPLE (Line Drive, 8RXD, EV 105.6 MPH) Andy Vivas scores
|
|
Batting: SHB Ross Holland
|
0-0: Swinging Strike 0-1: Foul Ball, location: 2F 0-2: Ground out 4-3 (Groundball, 4M, EV 101.2 MPH)
|
| Top of the 8th over - 2 runs, 2 hits, 0 errors, 1 left on base; Toledo 3 - Tacoma 2 |
| BOTTOM OF THE 8TH |
|
Tacoma Rainiers batting - Pitching for Toledo Mud Hens : RHP Gordie Pierson
|
|
Pitching: LHP Edwin Pacheco
|
|
|
Batting: RHB Micah Roth
|
0-0: Ball 1-0: SINGLE (Flyball, 3D, EV 86.2 MPH)
|
|
Batting: LHB Caleb Domino
|
0-0: Called Strike 0-1: SINGLE (Line Drive, 7S, EV 88.8 MPH) Micah Roth to second
|
|
Batting: RHB Tony Vargas
|
0-0: Sac Bunt to 5S - play at first, batter OUT! 5-4 Micah Roth to third Caleb Domino to second
|
|
Batting: RHB Harutomi Matsubara
|
0-0: Called Strike 0-1: Swinging Strike 0-2: Foul Ball, location: 2F 0-2: Fly out, F9 (Flyball, 89D, EV 84.4 MPH)
|
|
Batting: RHB David Aguilar
|
0-0: Swinging Strike 0-1: Foul Ball, location: 2F 0-2: Strikes out swinging
|
| Bottom of the 8th over - 0 runs, 2 hits, 0 errors, 2 left on base; Toledo 3 - Tacoma 2 |
| TOP OF THE 9TH |
|
Toledo Mud Hens batting - Pitching for Tacoma Rainiers : RHP Aidan Martin
|
|
Pitching: RHP Dave McGee
|
|
|
Batting: RHB Dan Becvar
|
0-0: Called Strike 0-1: SINGLE (Groundball, 56D, EV 103.8 MPH)
|
|
Batting: RHB Keith Hoffman
|
0-0: Ball Dan Becvar steals 2nd base 1-0: Foul Ball, location: 2F 1-1: Sac Bunt to 15S - play at first, batter OUT! 1-3 Dan Becvar to third
|
|
Batting: SHB Adam Weber
|
0-0: Foul Ball, location: 2F 0-1: Called Strike 0-2: SINGLE (Line Drive, 4D, EV 95.0 MPH) Dan Becvar scores
|
|
Batting: RHB J.J. Basil
|
0-0: Called Strike 0-1: Grounds into double play, 6-4-3 (Groundball, 6, EV 86.2 MPH)
|
| Top of the 9th over - 1 run, 2 hits, 0 errors, 0 left on base; Toledo 4 - Tacoma 2 |
| BOTTOM OF THE 9TH |
|
Tacoma Rainiers batting - Pitching for Toledo Mud Hens : LHP Edwin Pacheco
|
|
Pitching: RHP Josh Wollaston
|
|
|
Now in LF: Tyler Davis
|
|
|
Now in RF: Bill Ford
|
|
|
Batting: LHB Tom Reynolds
|
0-0: Ball 1-0: Fly out, F9 (Flyball, 9LS, EV 96.2 MPH)
|
|
Batting: RHB Brad Robidas
|
0-0: Fly out, F6 (Popup, 4MS, EV 78.1 MPH)
|
|
Batting: RHB Rick Ellis
|
0-0: Ball 1-0: Fly out, F9 (Flyball, 89M, EV 94.4 MPH)
|
| Bottom of the 9th over - 0 runs, 0 hits, 0 errors, 0 left on base; Toledo 4 - Tacoma 2 |
|